 Dungeon Sprint DCSS version 0.31-a0-521-gc7390f8997 (webtiles) character file.

Game seed: 14749207644446412885

8264 rocky1 the Earth Mage (level 21, -12/162 HPs)
             Began as a Demonspawn Earth Elementalist on Aug 11, 2023.
             Was an Initiate of Gozag.
             Mangled by Agnes
             ... wielding a +0 lajatang
              (20 damage)
             ... in the Dungeon (Sprint VI: "Thunderdome").
             The game lasted 00:24:02 (2241 turns).

rocky1 the Earth Mage (DsEE)                        Turns: 2241, Time: 00:24:03

Health: -12/162    AC: 10    Str:  8    XL:     21   Next: 50%
Magic:  37/45      EV: 21    Int: 30    God:    Gozag
Gold:   443        SH:  0    Dex: 21    Spells: 45/60 levels left

rFire   . . .        b - staff of earth
rCold   + + .        (no shield)
rNeg    . . .        i - +2 robe of Lugonu's Grace {rPois rC++ Int-2}
rPois   +            o - +2 hat of Marbles {Will- Int+4 Slay+5}
rElec   .            p - +1 cloak "Xilules" {+Blink Dex+2 Stlth-}
rCorr   .            j - +1 pair of gloves of Makhleb's Regard {Will+ Regen+ Int+2 Dex+3}
SInv    .            (boots unavailable)
Will    +....        (no amulet)
Stlth   ++           (no ring)
HPRegen 2.07/turn    (no ring)
MPRegen 0.29/turn

%: no teleportation
@: mighty, agile, slightly contaminated
A: hooves 3, powered by pain 2, spiny 3, augmentation 1, sturdy frame 3, sense
surroundings 1, regeneration 1
}: 2/15 runes: serpentine, gossamer
a: Renounce Religion, Evoke Blink, Potion Petition, Call Merchant, Bribe Branch


You were in the Dungeon.
You worshipped Gozag.
Gozag was aware of your devotion.
You visited 1 branch You collected 11736 gold pieces.
You spent 11293 gold pieces at shops.

Inventory:

Armour
 a - a +0 robe
 i - the +2 robe of Lugonu's Grace (worn) {rPois rC++ Int-2}
   (You bought it in a shop in the Dungeon)

   Int-2:     It affects your intelligence (-2).
   rC++:      It greatly protects you from cold.
   rPois:     It protects you from poison
 j - the +1 pair of gloves of Makhleb's Regard (worn) {Will+ Regen+ Int+2 Dex+3}
   (You bought it in a shop in the Dungeon)

   Int+2:     It affects your intelligence (+2).
   Dex+3:     It affects your dexterity (+3).
   Will+:     It increases your willpower.
   Regen+:    It increases your rate of health regeneration.
 o - the +2 hat of Marbles (worn) {Will- Int+4 Slay+5}
   (You bought it in a shop in the Dungeon)

   Int+4:     It affects your intelligence (+4).
   Slay+5:    It affects your accuracy & damage with ranged weapons and melee
   (+5).
   Will-:     It decreases your willpower.
 p - the +1 cloak "Xilules" (worn) {+Blink Dex+2 Stlth-}
   (You bought it in a shop in the Dungeon)

   Dex+2:     It affects your dexterity (+2).
   +Blink:    It lets you blink.
   Stlth-:    It makes you less stealthy.
Magical Staves
 b - a staff of earth (weapon)
 h - a staff of death
Jewellery
 l - the amulet of Peung {Reflect rN+ SH+5}
   (You bought it in a shop in the Dungeon)

   [amulet of reflection]

   Reflect:   It reflects blocked missile attacks.
   rN+:       It protects you from negative energy.
   SH+5:      It affects your SH (+5).
 m - the amulet of Gobec {Faith Regen+}
   (You bought it in a shop in the Dungeon)

   [amulet of faith]

   Faith:     It allows you to gain divine favour quickly.
   Regen+:    It increases your rate of health regeneration.
 n - the amulet "Ebyag" {Reflect rC+ Str+2 SH+5 SInv}
   (You bought it in a shop in the Dungeon)

   [amulet of reflection]

   Reflect:   It reflects blocked missile attacks.
   Str+2:     It affects your strength (+2).
   rC+:       It protects you from cold.
   SInv:      It lets you see invisible.
   SH+5:      It affects your SH (+5).
Wands
 r - a wand of roots (6)
Scrolls
 k - 3 scrolls of fog
Potions
 c - 5 potions of curing
 d - 12 potions of heal wounds
 e - 6 potions of haste
 f - a potion of berserk rage
 g - 23 potions of magic
 q - 2 potions of mutation


   Skills:
 - Level 13.1 Fighting
 - Level 9.3 Staves
 - Level 6.5 Dodging
 - Level 3.7 Stealth
 * Level 20.0 Spellcasting
 - Level 1.2 Transmutations
 * Level 20.9 Earth Magic
 - Level 8.8 Evocations


You had 45 spell levels left.
You knew the following spells:

 Your Spells              Type           Power      Damage    Failure   Level
a - Sandblast             Erth           100%       2d20      0%          1
b - Stone Arrow           Conj/Erth      100%       3d13      1%          3
c - Shatter               Erth           62%        3d46*     24%         9
d - Blink                 Tloc           60%        N/A       1%          2

Your spell library contained the following spells:

 Spells                   Type           Power      Damage    Failure   Level
 Lee's Rapid Deconstruct  Erth           62%        3d29*     0%          5
 Ensorcelled Hibernation  Hex/Ice        60%        N/A       1%          2
 Lesser Beckoning         Tloc           60%        N/A       1%          2
 Momentum Strike          Conj/Tloc      60%        3d9       1%          2
 Passwall                 Tmut/Erth      81%        N/A       1%          2
 Leda's Liquefaction      Hex/Erth       48%        N/A       1%          4
 Petrify                  Tmut/Erth      98%        N/A       1%          4
 Leda's Unmaking          Conj/Erth      48%        9d8       2%          6
 Ozocubu's Armour         Ice            30%        N/A       3%          3
 Summon Guardian Golem    Hex/Summ       30%        N/A       3%          3
 Swiftness                Air            30%        N/A       3%          3
 Tukima's Dance           Hex            30%        N/A       3%          3
 Volatile Blastmotes      Fire/Tloc      60%        2d15      3%          3
 Anguish                  Hex/Necr       15%        N/A       12%         4
 Cause Fear               Hex            15%        N/A       12%         4
 Fulminant Prism          Conj/Hex       15%        3d11      12%         4
 Iskenderun's Mystic Bla  Conj/Tloc      30%        2d8       12%         4
 Sticky Flame             Conj/Fire      30%        2d5       12%         4
 Fireball                 Conj/Fire      15%        3d8       34%         5
 Iskenderun's Battlesphe  Conj           30%        2d8       34%         5
 Summon Forest            Summ/Tloc      15%        N/A       34%         5
 Summon Mana Viper        Hex/Summ       30%        N/A       34%         5
 Conjure Ball Lightning   Conj/Air       15%        3x3d6     88%         6
 Summon Cactus Giant      Summ           15%        N/A       88%         6
 Enfeeble                 Hex            15%        N/A       100%        7
 Haunt                    Necr/Summ      15%        N/A       100%        7
 Malign Gateway           Summ/Tloc      15%        N/A       100%        7
 Orb of Destruction       Conj           15%        9d7       100%        7
 Ozocubu's Refrigeration  Ice            15%        4d10      100%        7
 Spellforged Servitor     Conj/Summ      15%        N/A       100%        7
 Borgnjor's Revivificati  Necr           15%        N/A       100%        8
 Discord                  Hex            15%        N/A       100%        8
 Disjunction              Tloc           15%        N/A       100%        8
 Summon Horrible Things   Summ           15%        N/A       100%        8
 Chain Lightning          Conj/Air       15%        3d20      100%        9
 Death's Door             Necr           15%        N/A       100%        9
 Fire Storm               Conj/Fire      15%        8d4       100%        9


Dungeon Overview and Level Annotations

Branches:
Dungeon (1/1)

Altars:
Cheibriados
Dithmenos
Fedhas
Gozag
Kikubaaqudgha
Makhleb
Okawaru
Qazlal
Ru
Sif Muna
Trog
Uskayaw
Vehumet
Wu Jian
Xom
Yredelemnul
Lugonu

Shops:
D *[=??*?*:[((!!!

Annotations:
D Agnes


Innate Abilities, Weirdness & Mutations

You have hooves in place of feet.
You sometimes gain power by taking damage.
You are completely covered in sharp spines.
Your magical and physical power is slightly enhanced at high health.
Your movements are significantly less encumbered by armour. (ER -6)
You passively map a small area around you.
Your natural rate of healing is unusually fast.


Message History

You are lightly contaminated with residual magic.
Rocks fall onto you out of nowhere. Agnes is struck by your spines.
Agnes misses you. Agnes is struck by your spines.
Agnes hits you with a +0 lajatang!
The spriggan air mage closely misses you.
Unknown command.
Unknown command.
Casting: Shatter (dangerous; 24% risk of failure)
Confirm with . or Enter, or press ? or * to list all spells.
Okay, then.
Magic courses through your body. Agnes completely misses you.
The spriggan air mage casts a spell at you.
The bolt of lightning hits you!!
* * * LOW HITPOINT WARNING * * *
You focus on the pain.
You feel your power returning.
The spriggan air mage hits you but does no damage.
Agnes hits you with a +0 lajatang!!
* * * LOW HITPOINT WARNING * * *
Casting: Shatter (dangerous; 24% risk of failure)
Confirm with . or Enter, or press ? or * to list all spells.
You feel a surge of power!
The dungeon rumbles!
Agnes is almost dead.
The spriggan air mage is heavily wounded.
The spriggan air mage is almost dead.
The dryad is almost dead.
Ka-crash!
A dryad comes into view.
Agnes is struck by your spines. Agnes hits you with a +0 lajatang!
* * * LOW HITPOINT WARNING * * *
The spriggan air mage is struck by your spines.
The spriggan air mage misses you. Agnes is struck by your spines.
Agnes hits you with a +0 lajatang.
* * * LOW HITPOINT WARNING * * *
Unknown command.
You feel much better. Agnes hits you with a +0 lajatang!
* * * LOW HITPOINT WARNING * * *
The spriggan air mage barely misses you.
Agnes is struck by your spines. Agnes hits you with a +0 lajatang!!
You die...
Your body crumbles into a pile of gold.

##.....## #.∩.....∩##
.∩....)..∩# ▓#_......._#
▓._......._# ▓▓#._......._#
▓...)....)...###
▓#§....)......)#▓▓▓▓▓
#####..i@.......)..#.##..
##∩.__..ii[.......)))_._∩#
###∩..........#.....)..)...∩
##..............#............
#⌠...........#....#....[.)...
#⌠..........R...<.###.....[..
#⌠..........#.#...###....[)..
##.......[.....#.............
###∩........8.##.....[.....∩


You could see Agnes, a dryad and 2 spriggan air magi.

Vanquished Creatures
  2 acid blobs (D)
  An azure jelly (D)
  2 orc warlords (D)
  A quicksilver ooze (D)
  An anaconda (D)
  A deep elf demonologist (D)
  A jumping spider (D)
  A dancing weapon (D)
  Urug (D)
  3 deep elf knights (D)
  3 sun demons (D)
  An iron troll (D)
  A sixfirhy (D)
  8 deep trolls (D)
  2 orc knights (D)
  2 deep elf pyromancers (D)
  A deep elf zephyrmancer (D)
  2 rust devils (D)
  An orange demon (D)
  2 hellwings (D)
  6 trolls (D)
  A hornet (D)
  Sigmund (D)
  6 slime creatures (D)
  A water elemental (D)
  A fire elemental (D)
  2 yaks (D)
  3 fire bats (D)
  A chaos spawn (D)
  A vampire mosquito (D)
  8 neqoxecs (D)
  2 redbacks (D)
  2 hell hounds (D)
  A water moccasin (D)
  An orc warrior (D)
  An ogre (D)
  An earth elemental (D)
  A wight (D)
  11 orc priests (D)
  2 orc wizards (D)
  2 adders (D)
  A dart slug (D)
  A goblin (D)
  3 ball pythons (D)
  A bat (D)
98 creatures vanquished.

Notes
Turn   | Place    | Note
-------+----------+-------------------------------------------
     0 | D        | rocky1 the Demonspawn Earth Elementalist began the quest
                  | for the Orb.
     0 | D        | Reached XP level 1. HP: 13/13 MP: 3/3
     4 | D        | Found an iron altar of Okawaru.
     5 | D        | Found a shadowy altar of Dithmenos.
     5 | D        | Found a bloodstained altar of Trog.
     5 | D        | Round 1.
     6 | D        | Found a stormy altar of Qazlal.
     6 | D        | Found a hide-covered altar of Uskayaw.
     7 | D        | Found a shimmering blue altar of Sif Muna.
     7 | D        | Found a radiant altar of Vehumet.
     7 | D        | Found Qiorr's Magic Scroll Shop.
     7 | D        | Found Fiur Ydo's Staff Store.
     8 | D        | Found Juleamuz's Magic Scroll Shop.
     8 | D        | Found Voso's Must-Have Magic.
     9 | D        | Found Wonk's Timeless Talismans.
    10 | D        | Found Giduf's Jewellery.
    10 | D        | Found Koucaukh's Advanced Armour.
    10 | D        | Found a sacrificial altar of Ru.
    10 | D        | Found an opulent altar of Gozag.
    10 | D        | Found Rileomme's Identification Station.
    14 | D        | Found an ancient bone altar of Kikubaaqudgha.
    19 | D        | Became a worshipper of Gozag Ym Sagoz the Greedy
    36 | D        | Bought a steaming diamond amulet for 45 gold pieces
    36 | D        | Identified the amulet of Peung {Reflect rN+ SH+5} (You
                  | bought it in a shop in the Dungeon)
    36 | D        | Bought an ancient crystal amulet for 45 gold pieces
    36 | D        | Identified the amulet of Gobec {Faith Regen+} (You bought
                  | it in a shop in the Dungeon)
    36 | D        | Bought a slimy amethyst amulet for 45 gold pieces
    36 | D        | Identified the amulet "Ebyag" {Reflect rC+ Str+2 SH+5 SInv}
                  | (You bought it in a shop in the Dungeon)
    51 | D        | Found a corrupted altar of Lugonu.
    53 | D        | Found an ornate altar of the Wu Jian Council.
    56 | D        | Found Cayny's Distillery.
    57 | D        | Found Toecsaqo's Distillery.
    57 | D        | Found Ewueren's Bottled Wisdom.
    57 | D        | Noticed Sigmund
    57 | D        | Noticed an orc wizard
    58 | D        | Found a blossoming altar of Fedhas.
    58 | D        | Found a snail-covered altar of Cheibriados.
    58 | D        | Found Bieshomit's Do-It-Yourself Clinic.
    61 | D        | Killed an orc wizard
    62 | D        | Reached skill level 1 in Transmutations
    62 | D        | Gained mutation: You sometimes gain a little power by
                  | taking damage. [demonic ancestry]
    62 | D        | Reached XP level 2. HP: 19/19 MP: 3/6
    66 | D        | Killed Sigmund
    67 | D        | Gained mutation: You have large cloven feet. [demonic
                  | ancestry]
    67 | D        | Reached XP level 3. HP: 24/24 MP: 3/9
    67 | D        | Reached XP level 4. HP: 30/30 MP: 3/10
    67 | D        | Reached XP level 5. HP: 35/35 MP: 3/12
   133 | D        | Arena points: 12 (+12) [x2]
   145 | D        | Found a burning altar of Makhleb.
   158 | D        | Found Radeprez's Weapon Rack.
   160 | D        | Found a basalt altar of Yredelemnul.
   160 | D        | Found a shimmering altar of Xom.
   160 | D        | Found Ovufuc's Premium Goods.
   161 | D        | Found Etrid's Basic Armour.
   161 | D        | Found Qehoenif's Miscellaneous Merchandise.
   206 | D        | Round 2.
   208 | D        | Noticed a water moccasin
   218 | D        | Killed a water moccasin
   219 | D        | Reached skill level 5 in Spellcasting
   219 | D        | Reached XP level 6. HP: 45/45 MP: 9/14
   251 | D        | Arena points: 48 (+36) [x3]
   328 | D        | Round 3.
   374 | D        | Arena points: 132 (+84) [x4]
   375 | D        | Reached skill level 10 in Earth Magic
   454 | D        | Round 4.
   456 | D        | Learned a level 3 spell: Stone Arrow
   460 | D        | Noticed a yak
   468 | D        | Killed a yak
   469 | D        | Gained mutation: You are partially covered in sharp spines.
                  | [demonic ancestry]
   469 | D        | Reached XP level 7. HP: 55/55 MP: 14/18
   491 | D        | Noticed a yak
   497 | D        | Killed a yak
   498 | D        | Reached skill level 5 in Fighting
   572 | D        | Noticed a vampire mosquito
   572 | D        | Noticed a hornet
   579 | D        | Killed a hornet
   580 | D        | Reached XP level 8. HP: 48/64 MP: 4/21
   581 | D        | Arena points: 272 (+140) [x5]
   640 | D        | Round 5.
   644 | D        | Noticed a giant anaconda
   656 | D        | Killed a giant anaconda
   656 | D        | Identified the +0 plate armour "Inecvin" {+Blink rPois
                  | Int-5 SInv} (You found it in the Dungeon)
   656 | D        | Arena points: 552 (+280) [x7]
   657 | D        | Reached skill level 10 in Spellcasting
   662 | D        | Got a serpentine rune of Zot
   762 | D        | Gained mutation: You have hoof-like feet. [demonic
                  | ancestry]
   762 | D        | Reached XP level 9. HP: 74/74 MP: 21/24
   772 | D        | Bought a bloodstained robe for 199 gold pieces
   772 | D        | Identified the +2 robe of Lugonu's Grace {rPois rC++ Int-2}
                  | (You bought it in a shop in the Dungeon)
   772 | D        | Bought a pair of spiked gloves for 332 gold pieces
   772 | D        | Identified the +1 pair of gloves of Makhleb's Regard {Will+
                  | Regen+ Int+2 Dex+3} (You bought it in a shop in the
                  | Dungeon)
   787 | D        | Bought a faintly humming hat for 315 gold pieces
   787 | D        | Identified the +2 hat of Marbles {Will- Int+4 Slay+5} (You
                  | bought it in a shop in the Dungeon)
   792 | D        | Bought a bloodstained cloak for 332 gold pieces
   792 | D        | Identified the +1 cloak "Xilules" {+Blink Dex+2 Stlth-}
                  | (You bought it in a shop in the Dungeon)
   826 | D        | Bought 3 potions of experience for 900 gold pieces
   826 | D        | Gained mutation: Your movements are slightly less
                  | encumbered by armour. (ER -2) [demonic ancestry]
   826 | D        | Reached XP level 10. HP: 82/82 MP: 24/26
   827 | D        | Reached XP level 11. HP: 89/89 MP: 24/27
   828 | D        | Gained mutation: You are mostly covered in sharp spines.
                  | [demonic ancestry]
   828 | D        | Reached XP level 12. HP: 96/96 MP: 24/29
   847 | D        | Round 6.
   876 | D        | Gained mutation: You are frail. (-10% HP) [a neqoxec]
   888 | D        | Gained mutation: You do not regenerate when monsters are
                  | visible. [a neqoxec]
   890 | D        | Gained mutation: You are dopey. (Int -2) [a neqoxec]
   893 | D        | Gained mutation: Armour fits poorly on your strangely
                  | shaped body. [a neqoxec]
   894 | D        | Gained mutation: You are weak. (Str -2) [a neqoxec]
   899 | D        | Reached skill level 15 in Earth Magic
   908 | D        | Gained mutation: Your magical capacity is low. (-10% MP) [a
                  | neqoxec]
   942 | D        | Arena points: 984 (+432) [x8]
   943 | D        | Reached skill level 10 in Fighting
   972 | D        | Bought 3 potions of mutation for 168 gold pieces
   972 | D        | Bought 2 potions of mutation for 112 gold pieces
   972 | D        | Bought a potion of mutation for 56 gold pieces
   972 | D        | Lost mutation: You are dopey. (Int -2) [potion of mutation]
   972 | D        | Lost mutation: Armour fits poorly on your strangely shaped
                  | body. [potion of mutation]
   972 | D        | Gained mutation: You passively map a small area around you.
                  | [potion of mutation]
   972 | D        | Gained mutation: You occasionally lose the ability to read
                  | scrolls when taking damage. [potion of mutation]
   972 | D        | Gained mutation: You are very frail. (-20% HP) [potion of
                  | mutation]
   973 | D        | Lost mutation: You passively map a small area around you.
                  | [potion of mutation]
   973 | D        | Lost mutation: You are weak. (Str -2) [potion of mutation]
   973 | D        | Lost mutation: Your magical capacity is low. (-10% MP)
                  | [potion of mutation]
   973 | D        | Gained mutation: You passively map a small area around you.
                  | [potion of mutation]
   973 | D        | Lost mutation: You occasionally lose the ability to read
                  | scrolls when taking damage. [potion of mutation]
   973 | D        | Gained mutation: Your spells are a little harder to cast,
                  | but a little more powerful. [potion of mutation]
   973 | D        | Gained mutation: Your muscles are strong. (Str +4, Int/Dex
                  | -1) [potion of mutation]
   974 | D        | Lost mutation: Your muscles are strong. (Str +4, Int/Dex
                  | -1) [potion of mutation]
   974 | D        | Lost mutation: Your spells are a little harder to cast, but
                  | a little more powerful. [potion of mutation]
   974 | D        | Lost mutation: You are very frail. (-20% HP) [potion of
                  | mutation]
   974 | D        | Lost mutation: You do not regenerate when monsters are
                  | visible. [potion of mutation]
   974 | D        | Gained mutation: You are weak. (Str -2) [potion of
                  | mutation]
   974 | D        | Gained mutation: Your flesh is cold resistant. (rC+)
                  | [potion of mutation]
   975 | D        | Lost mutation: You are weak. (Str -2) [potion of mutation]
   975 | D        | Lost mutation: You are frail. (-10% HP) [potion of
                  | mutation]
   975 | D        | Lost mutation: Your flesh is cold resistant. (rC+) [potion
                  | of mutation]
   975 | D        | Gained mutation: Your natural rate of healing is unusually
                  | fast. [potion of mutation]
   999 | D        | Round 7.
  1030 | D        | Gained mutation: Your movements are less encumbered by
                  | armour. (ER -4) [demonic ancestry]
  1030 | D        | Reached XP level 13. HP: 103/103 MP: 17/30
  1139 | D        | Arena points: 1551 (+567) [x9]
  1170 | D        | Bought a staff of earth for 750 gold pieces
  1192 | D        | Round 8.
  1208 | D        | Reached skill level 5 in Evocations
  1218 | D        | Bought 2 potions of experience for 600 gold pieces
  1239 | D        | Reached skill level 15 in Spellcasting
  1262 | D        | Arena points: 2271 (+720) [x10]
  1289 | D        | Round 9.
  1296 | D        | Bought 3 potions of experience for 900 gold pieces
  1296 | D        | Gained mutation: You are completely covered in sharp
                  | spines. [demonic ancestry]
  1296 | D        | Reached XP level 14. HP: 113/113 MP: 10/33
  1297 | D        | Gained mutation: You sometimes gain power by taking damage.
                  | [demonic ancestry]
  1297 | D        | Reached XP level 15. HP: 120/120 MP: 10/34
  1298 | D        | Gained mutation: You have hooves in place of feet. [demonic
                  | ancestry]
  1298 | D        | Reached XP level 16. HP: 127/127 MP: 11/36
  1326 | D        | Reached skill level 1 in Staves
  1371 | D        | Arena points: 3063 (+792) [x11]
  1374 | D        | Bought 6 potions of magic for 336 gold pieces
  1374 | D        | Bought 6 potions of magic for 336 gold pieces
  1386 | D        | Round 10.
  1452 | D        | Arena points: 4363 (+1300) [x13]
  1461 | D        | Got a gossamer rune of Zot
  1623 | D        | Bought a potion of experience for 300 gold pieces
  1623 | D        | Bought a potion of experience for 300 gold pieces
  1623 | D        | Reached skill level 5 in Staves
  1623 | D        | Gained mutation: Your magical and physical power is
                  | slightly enhanced at high health. [demonic ancestry]
  1623 | D        | Reached XP level 17. HP: 135/135 MP: 37/37
  1624 | D        | Gained mutation: Your movements are significantly less
                  | encumbered by armour. (ER -6) [demonic ancestry]
  1624 | D        | Reached XP level 18. HP: 142/142 MP: 37/39
  1625 | D        | Reached XP level 19. HP: 148/148 MP: 37/40
  1626 | D        | Reached XP level 20. HP: 156/156 MP: 37/41
  1627 | D        | Reached XP level 21. HP: 162/162 MP: 37/42
  1629 | D        | Round 11.
  1662 | D        | Bought a book of Annihilations for 420 gold pieces
  1672 | D        | Learned a level 9 spell: Shatter
  1763 | D        | Arena points: 5749 (+1386) [x14]
  1782 | D        | Bought Inwumpos's Octavo of Fever and Curses for 308 gold
                  | pieces
  1782 | D        | Bought Ozocubu's Autobiography for 168 gold pieces
  1782 | D        | Bought a book of Blasting for 196 gold pieces
  1782 | D        | Bought a book of Chaos for 350 gold pieces
  1782 | D        | Bought a Necronomicon for 378 gold pieces
  1782 | D        | Bought a Grand Grimoire for 238 gold pieces
  1782 | D        | Bought a book of Burglary for 140 gold pieces
  1783 | D        | Round 12.
  1834 | D        | Arena points: 7729 (+1980) [x15]
  1864 | D        | Round 13.
  1996 | D        | Bought 4 potions of curing for 84 gold pieces
  1996 | D        | Bought 3 potions of heal wounds for 105 gold pieces
  1996 | D        | Bought 3 potions of heal wounds for 105 gold pieces
  1996 | D        | Bought 3 potions of heal wounds for 105 gold pieces
  1996 | D        | Bought 3 potions of heal wounds for 105 gold pieces
  2023 | D        | Arena points: 7872 (+143) [x1]
  2030 | D        | Bought a book of the Spheres for 378 gold pieces
  2030 | D        | Bought a book of Power for 294 gold pieces
  2030 | D        | Bought a book of the Earth for 252 gold pieces
  2030 | D        | Bought a book of Hexes for 252 gold pieces
  2030 | D        | Bought a book of Spatial Translocations for 126 gold pieces
  2030 | D        | Bought a book of the Wilderness for 266 gold pieces
  2038 | D        | Round 14.
  2061 | D        | Learned a level 2 spell: Blink
  2075 | D        | Noticed Urug
  2083 | D        | Killed Urug
  2158 | D        | Arena points: 8264 (+392) [x2]
  2214 | D        | Bought 6 potions of magic for 336 gold pieces
  2214 | D        | Bought 6 potions of magic for 336 gold pieces
  2214 | D        | Bought 4 potions of haste for 280 gold pieces
  2220 | D        | Round 15.
  2230 | D        | Noticed Agnes
  2240 | D        | HP: 6/162 [Agnes/+0 lajatang (12)]
  2241 | D        | Mangled by Agnes

Illustrated notes

Levels and vault maps discovered:
D:        arena_sprint

Skill      XL: |  1  2  3  4  5  6  7  8  9 10 11 12 13 14 15 16 17 18 19 20 21 |
---------------+----------------------------------------------------------------+-----
Dodging        | 2 4 6 |  6.5
Stealth        | 2 3 |  3.7
Spellcasting   | 3 4 5 7 9 11 12 13 15 16 17 20 | 20.0
Transmutations | 1 |  1.2
Earth Magic    | 4 8 9 10 11 13 14 15 16 17 18 20 | 20.9
Evocations     | 2 6 8 |  8.8
Fighting       | 2 4 5 7 8 9 10 11 12 13 | 13.1
Staves         | 5 6 9 |  9.3

Action                     |  1- 3 |  4- 6 |  7- 9 | 10-12 | 13-15 | 16-18 | 19-21 || total
---------------------------+-------+-------+-------+-------+-------+-------+-------++-------
  Melee: Staff             |       |       |       |       |    17 |    41 |   116 ||   174
         Kick              |       |       |       |       |     7 |    15 |    65 ||    87
         Punch             |       |       |       |       |     1 |     1 |     2 ||     4
   Cast: Sandblast         |     1 |    23 |     1 |     2 |     4 |       |       ||    31
         Stone Arrow       |       |       |    20 |    22 |    34 |    15 |    17 ||   108
         Shatter           |       |       |       |       |       |       |     5 ||     5
  Evoke: Wand              |     7 |       |     3 |       |       |       |       ||    10
    Use: Potion            |       |     1 |     3 |     7 |     8 |     4 |     4 ||    27
         Scroll            |       |       |     1 |       |     3 |       |       ||     4
   Stab: Distracted        |       |       |       |       |       |     1 |     1 ||     2
 Armour: Robe              |       |     1 |     2 |       |     2 |    13 |    17 ||    35
  Dodge: Dodged            |       |     2 |    12 |     6 |    21 |    19 |    35 ||    95

Table legend: (Time is in decaauts)
 A = Elapsed time spent in this place.
 B = Non-inter-level travel time spent in this place.
 C = Inter-level travel time spent in this place.
 D = Time resting spent in this place.
 E = Time spent auto-exploring this place.
 F = Levels seen in this place.
 G = Mean time per level.
                   A        B        C        D        E       F      G
               +--------+--------+--------+--------+--------+-----+--------+
         Total |   2210 |   2193 |     17 |    632 |     93 |   1 | 2210.0 |
       Dungeon |   2210 |   2193 |     17 |    632 |     93 |   1 | 2210.0 |
               +--------+--------+--------+--------+--------+-----+--------+

Top non-repeatable levels by time:
       D: 2210 daAuts
